Unix NetHack Version 5.0.0-0 post-release - last build May  4 2026 22:22:43 (774f63e81ad911689b3a0859ea89b322d5daca8d,branch:main).

Game began 2026-05-05 05:52:07, ended 2026-05-05 07:06:53.

2462064111, chaotic female orcish Barbarian

                                                --------
                                               #-......|
               -------------                   #|.......#
               |...........|     -------       #|......|##
              #............|    #......|       #-------- #
            ###----------.--    #|.....|       #         #
            #            ##     #|......########         #   #
            #             #     #-------                 #####
         ####             ##    #           ----------    ###
 --------#                 #    #           |........|   ## #
 |......|#               # #    #           |........|  ##  ##
 |......|#           ----|-.----#           |.>.......###    ##
 |......|#           |..........#          #.........|        #    -----------
 |.......#           |.........|    ########|........|        ###  |.........|
 |......|            |.........|#####       |........|          ###.....@....|
 --------            ----...----#           ----------             |.........|
                        |....####                                  -----------
                        |...|
                        -.---
                         #
2462064111 the Pillager    St:17 Dx:18 Co:17 In:9 Wi:7 Ch:6  Chaotic
Dlvl:1  $:2  HP:40(40) Pw:9(9) AC:8  Xp:4 T:1899 

Latest messages:
 It's a wall.
 You see here a large box.
 It's solid stone.
 It's solid stone.
 The giant rat misses!
 You kill the giant rat!
 You smite the gecko!
 The gecko bites!
 You kill the gecko!
 You try to move the boulder, but in vain.
 You try to move the boulder, but in vain.
 You hear a door open.
 There is a staircase up to level 2 here.
 There is a staircase up to level 2 here.
 You climb up the stairs.
 There is a staircase down to level 3 here.
 The kobold opens a door.
 It's solid stone.
 You hear the chime of a cash register.
 You try to move the boulder, but in vain.
 You try to move the boulder, but in vain.
 It's solid stone.
 It's a wall.
 It's a wall.
 It's a wall.
 It's a wall.
 There is a branch staircase down to the Gnomish Mines here.
 You descend the stairs.
 There is a branch staircase up to the Dungeons of Doom here.
 You climb up the stairs.
 There is a branch staircase down to the Gnomish Mines here.
 You kill the kobold!
 It's a wall.
 It's solid stone.
 It's solid stone.
 It's solid stone.
 It's solid stone.
 It's solid stone.
 There is a staircase up to level 1 here.
 You climb up the stairs.
 There is a staircase down to level 2 here.
 There is a staircase up out of the dungeon here.
 c - an uncursed +0 orcish ring mail (being worn).
 There is a staircase up out of the dungeon here.
 Beware, there will be no return!  Still climb? [yn] (n) y
 Do you want your possessions identified? [ynq] (y) y
 Do you want to see your attributes? [ynq] (y) n
 Do you want an account of creatures vanquished? [ynaq] (y) n
 Do you want to see your conduct and achievements? [ynq] (y) n
 Do you want to see the dungeon overview? [ynq] (y) n

Inventory:
 Coins    ('$')
  $ - 2 gold pieces
 Weapons  (')')
  a - a rusty +0 battle-axe (weapon in hands)
  b - a +0 orcish short sword (alternate weapon; not wielded)
 Armor    ('[')
  c - an uncursed +0 orcish ring mail (being worn)
 Comestibles  ('%')
  k - an uncursed clove of garlic
  d - 2 uncursed food rations
  p - an uncursed partly eaten food ration
 Scrolls  ('?')
  u - an uncursed scroll of earth
  g - an uncursed scroll of fire
 Spellbooks  ('+')
  r - an uncursed spellbook of restore ability
 Potions  ('!')
  f - an uncursed potion of confusion
 Wands    ('/')
  t - a wand of undead turning (0:5)
 Boulders/Statues  ('`')
  j - an empty uncursed statue of a grid bug

2462064111 the Barbarian's attributes:

Background:
 You were a Pillager, a level 4 female orcish Barbarian.
 You were chaotic, nominally on a mission for Set
 who was opposed by Mitra (lawful) and Crom (neutral).
 You were right-handed.
 You were in the Dungeons of Doom, on level 1.
 You entered the dungeon 1899 turns ago.
 You had 105 experience points, 55 more were needed to attain level 5.

Basics:
 You had all 40 hit points.
 You had all 9 energy points (spell power).
 Your armor class was 8.
 Your wallet contained 2 zorkmids.
 Autopickup was off.

Final Characteristics:
 Your strength was 17 (limit:18/50).
 Your dexterity was 18 (limit:18).
 Your constitution was 17 (peak:18, limit:18).
 Your intelligence was 9 (limit:16).
 Your wisdom was 7 (limit:16).
 Your charisma was 6 (limit:16).

Final Status:
 You weren't hungry.
 You were unencumbered.
 You were wielding an axe.
 You had basic skill with axe.

Final Attributes:
 You were devoutly aligned.
 You were poison resistant.
 You had infravision.
 You were warded.
 You survived.

Miscellaneous:
 You didn't encounter any bones levels.
 Total elapsed playing time was 1 hour, 14 minutes and 44 seconds.

Major events:
 Turn
    1: 2462064111 the chaotic female orcish Barbarian entered the dungeon
  887: entered the Gnomish Mines
 1195: attained the rank of Pillager (level 3)
 1899: escaped

You didn't know any spells.

Skills:
 Fighting Skills
   bare handed combat [Basic]
   two weapon combat  [Unskilled]
   riding             [Unskilled]
 Weapon Skills
   dagger             [Unskilled]
   axe                [Basic]
   pick-axe           [Unskilled]
   short sword        [Basic]
   broadsword         [Unskilled]
   long sword         [Unskilled]
   two-handed sword   [Unskilled]
   saber              [Unskilled]
   club               [Unskilled]
   mace               [Unskilled]
   morning star       [Unskilled]
   flail              [Unskilled]
   hammer             [Unskilled]
   quarterstaff       [Unskilled]
   spear              [Unskilled]
   trident            [Unskilled]
   bow                [Unskilled]
 Spellcasting Skills
   attack spells      [Unskilled]
   escape spells      [Unskilled]

Voluntary challenges:
 Character rerolling was not enabled.
 You were an atheist.
 You never genocided any monsters.
 You never polymorphed an object.
 You never changed form.
 You used no wishes.
Achievements:
 You entered a shop.
 You entered the Gnomish Mines.
 You attained the rank of Pillager.

 The Dungeons of Doom: levels 1 to 5
    Level 1: <- You left from here.
    Level 2:
       A scroll shop.
       Stairs down to The Gnomish Mines.
    Level 3:
       A fountain.
    Level 4:
       A grave.
    Level 5:
       A fountain, a sink.
 The Gnomish Mines:
    Level 3:
 The Tutorial:
    Level 1:


Vanquished creatures:
  a pony
  a giant ant
  a giant bat
  a wererat
 an iguana
  2 giant rats
  2 cave spiders
  3 gnomes
  2 geckos
  a jackal
  2 foxes
  4 kobolds
  2 sewer rats
  2 lichens
  4 newts
29 creatures vanquished.

No species were genocided or became extinct.

Goodbye 2462064111 the Barbarian...

You escaped from the dungeon with 622 points,
and 2 pieces of gold, after 1899 moves.
You were level 4 with a maximum of 40 hit points when you escaped.

